 Dungeon Crawl Stone Soup version 0.27-a0-1065-ge809cff456 (webtiles) character file.

Game seed: 5584758000303317663

74 Feb132020 the Gusty (level 4, -4/24 HPs)
             Began as a Tengu Air Elementalist on Apr 23, 2021.
             Slain by Crazy Yiuf
             ... wielding a +3 quarterstaff of chaos
              (14 damage)
             ... on level 2 of the Dungeon.
             The game lasted 00:06:36 (1799 turns).

Feb132020 the Gusty (Tengu Air Elementalist)        Turns: 1799, Time: 00:06:38

Health: -4/24      AC:  2    Str:  9    XL:     4   Next: 28%
Magic:  4/8        EV: 12    Int: 16    God:
Gold:   77         SH:  0    Dex: 14    Spells: 4/7 levels left

rFire    . . .     SeeInvis .   d - +0 short sword
rCold    . . .     Faith    .   (no shield)
rNeg     . . .     Spirit   .   a - +0 robe
rPois    .         Reflect  .   (helmet restricted)
rElec    .         Harm     .   (no cloak)
rCorr    .         Rampage  .   (no gloves)
Will     .....                  (boots unavailable)
Stlth    ++........             (no amulet)
HPRegen  0.08/turn              (no ring)
MPRegen  0.11/turn              (no ring)

@: no status effects
A: beak, talons 3
a: no special abilities


You were on level 2 of the Dungeon.
You visited 1 branch of the dungeon, and saw 2 of its levels.

You collected 77 gold pieces.

Inventory:

Hand Weapons
 d - a +0 short sword (weapon)
 g - a +0 dagger of venom
Armour
 a - a +0 robe (worn)
Scrolls
 c - a scroll of blinking {unknown}
 e - a scroll of teleportation {unknown}
 f - 2 scrolls of identify {unknown}
Potions
 b - 3 potions of invisibility {unknown}


   Skills:
 + Level 0.3 Short Blades
 + Level 2.3 Dodging
 + Level 2.7 Stealth
 + Level 2.4 Spellcasting
 + Level 2.9 Conjurations
 + Level 4.9 Air Magic


You had 4 spell levels left.
You knew the following spells:

 Your Spells              Type           Power      Damage    Failure   Level
a - Shock                 Conj/Air       56%        1d6       4%          1
b - Static Discharge      Conj/Air       14%        N/A       6%          2

Your spell library contained the following spells:

 Spells                   Type           Power      Damage    Failure   Level
 Swiftness                Air            17%        N/A       8%          3
 Airstrike                Air            8%         N/A       26%         4
 Lightning Bolt           Conj/Air       7%         1d19      73%         5


Dungeon Overview and Level Annotations

Branches:
Dungeon (2/15)

Altars:
Wu Jian

Shops:
D:1 (!

Annotations:
D:2 Crazy Yiuf


Innate Abilities, Weirdness & Mutations

You have a beak for a mouth.
You have claws for feet.


Message History

You catch the helpless kobold completely off-guard!
You hit the kobold.
You kill the kobold!
You see here a +0 dagger.
A rat comes into view.
You hit the rat.
You kill the rat!
You hit the fungus.
The fungus begins to die.
You claw the fungus.
The fungus is lightly damaged.
You hit the fungus. You peck the fungus, but do no damage.
The fungus is lightly damaged.
You hit the fungus. You claw the fungus! You peck the fungus, but do no damage.
The fungus is lightly damaged.
You hit the fungus. You peck the fungus, but do no damage.
The fungus is lightly damaged.
A nearby fungus withers and dies.
Found a mace.
Found a runed translucent door.
Crazy Yiuf shouts!
You open the door.
Crazy Yiuf says, "Buddy seventy head!"
You barely miss Crazy Yiuf. Crazy Yiuf closely misses you.
You hit Crazy Yiuf but do no damage. Your kick misses Crazy Yiuf.
You peck Crazy Yiuf, but do no damage.
Crazy Yiuf hits you with a +3 quarterstaff of chaos!
Crazy Yiuf screams, "Flower Hive tired!"
Casting: Shock (safe; 4% risk of failure)
Confirm with . or Enter, or press ? or * to list all spells.
Crazy Yiuf is struck by an arc of lightning.
Crazy Yiuf is moderately wounded.
You are struck by an arc of lightning.
The lightning grounds out.
Crazy Yiuf misses you.
Unknown command.
Casting: Static Discharge (safe; 6% risk of failure)
Confirm with . or Enter, or press ? or * to list all spells.
Crazy Yiuf is struck by an arc of lightning.
Crazy Yiuf is heavily wounded.
You are struck by an arc of lightning.
The lightning grounds out.
Crazy Yiuf hits you with a +3 quarterstaff of chaos!
Ouch! That really hurt!
You die...

# #.# #.# #
#.# .# #.#
..# #.# ##.#
#.#### ...
#....#####.#
####.....†.#
#.##@...#
###.g..## #
#....# .
♣♣.PP♣ #
♣.PP♣♣ ♣♣.♣♣
♣.♣♣ ♣♣.♣
♣g♣♣


You could see Crazy Yiuf.

Vanquished Creatures
  2 gnolls (D:1)
  An adder (D:2)
  A worm (D:2)
  7 ball pythons
  An endoplasm (D:1)
  A giant cockroach (D:2)
  5 goblins
  A hobgoblin (D:2)
  3 quokkas
  6 bats
  4 frilled lizards
  7 kobolds
  4 rats
43 creatures vanquished.

Vanquished Creatures (others)
  A fungus (D:2)
1 creature vanquished.

Grand Total: 44 creatures vanquished

Notes
Turn   | Place    | Note
-------+----------+-------------------------------------------
     0 | D:1      | Feb132020 the Tengu Air Elementalist began the quest for
                  | the Orb.
     0 | D:1      | Reached XP level 1. HP: 10/10 MP: 4/4
   197 | D:1      | Found a faded altar of an unknown god.
   221 | D:1      | Reached XP level 2. HP: 15/15 MP: 3/6
   226 | D:1      | Learned a level 2 spell: Static Discharge
   359 | D:1      | Found Jyahab's Distillery.
   429 | D:1      | Found Fiz Pen's Antique Weapon Boutique.
   534 | D:1      | Reached XP level 3. HP: 12/19 MP: 4/7
  1401 | D:2      | Found an ornate altar of the Wu Jian Council.
  1513 | D:2      | Reached XP level 4. HP: 15/24 MP: 5/8
  1782 | D:2      | Found a runed translucent door.
  1783 | D:2      | Noticed Crazy Yiuf
  1799 | D:2      | Slain by Crazy Yiuf

Illustrated notes

Levels and vault maps discovered:
D:1:      minmay_arrival_radiant_lines, layout_basic,
          shapermc_ecumenical_altar_totnotflames, serial_shops, shop_fountains,
          nicolae_shop_overgrown_old_shop, st_stairs_2
D:2:      layout_loops_ring, basic_altar, uniq_crazy_yiuf_cottage

Skill      XL: |  1  2  3 |
---------------+----------+-----
Conjurations   | 2 |  2.9
Short Blades   | |  0.3
Dodging        | |  2.3
Stealth        | |  2.7
Spellcasting   | |  2.4
Air Magic      | |  4.9

Action                   |  1- 3 |  4- 6 || total
-------------------------+-------+-------++-------
Melee: Unarmed           |     3 |       ||     3
       Peck              |     9 |     4 ||    13
       Short sword       |    28 |    12 ||    40
       Kick              |     1 |     2 ||     3
 Cast: Shock             |    39 |    11 ||    50
       Static Discharge  |     1 |     2 ||     3
 Stab: Sleeping          |     7 |       ||     7
       Distracted        |       |     1 ||     1
Armor: Robe              |     4 |       ||     4
Dodge: Dodged            |    22 |     8 ||    30

Table legend: (Time is in decaauts)
 A = Elapsed time spent in this place.
 B = Non-inter-level travel time spent in this place.
 C = Inter-level travel time spent in this place.
 D = Time resting spent in this place.
 E = Time spent auto-exploring this place.
 F = Levels seen in this place.
 G = Mean time per level.
                   A        B        C        D        E       F      G
               +--------+--------+--------+--------+--------+-----+--------+
         Total |   1803 |   1788 |     15 |      0 |   1555 |   2 |  901.5 |
       Dungeon |   1803 |   1788 |     15 |      0 |   1555 |   2 |  901.5 |
               +--------+--------+--------+--------+--------+-----+--------+

Top non-repeatable levels by time:
     D:1: 1398 daAuts
     D:2: 404 daAuts
